 Dungeon Crawl Stone Soup version 0.23-a0-175-g97aacdb (webtiles) character file.

2058 Amnesiac the Chiller (level 9, -1/57 HPs)
             Began as a Mummy Ice Elementalist on Sept 16, 2018.
             Was a Follower of Vehumet.
             Shot with an arrow by a centaur (4 damage)
             ... on level 7 of the Dungeon.
             The game lasted 00:13:31 (6428 turns).

Amnesiac the Chiller (Mummy Ice Elementalist)       Turns: 6428, Time: 00:13:32

Health: -1/57      AC:  9    Str: 11    XL:     9   Next: 5%
Magic:  10/18      EV: 11    Int: 18    God:    Vehumet [*.....]
Gold:   382        SH:  6    Dex: 12    Spells: 6/20 levels left

rFire    x . .     SeeInvis .   a - +0 scimitar
rCold    + . .     Gourm    .   g - +1 buckler
rNeg     + + +     Faith    .   j - +0 leather armour
rPois    ∞         Spirit   .   l - +0 helmet
rElec    .         Reflect  .   (no cloak)
rCorr    .         Harm     .   k - +0 pair of gloves
MR       ++...                  (no boots)
Stlth    +.........             (no amulet)
HPRegen  0.19/turn              p - +4 ring of protection
MPRegen  0.16/turn              e - ring of protection from magic

@: no status effects
A: no food or potions, fire vulnerability, cold resistance 1, negative energy
resistance 3, torment resistance, unbreathing
a: Renounce Religion


You were on level 7 of the Dungeon.
You worshipped Vehumet.
Vehumet was aware of your devotion.
You were not hungry.

You visited 2 branches of the dungeon, and saw 8 of its levels.

You collected 382 gold pieces.

Inventory:

Hand Weapons
 a - a +0 scimitar (weapon)
Armour
 g - a +1 buckler (worn)
 j - a +0 leather armour (worn)
 k - a +0 pair of gloves (worn)
 l - a +0 helmet (worn)
 s - +0 fire dragon scales
Jewellery
 e - a ring of protection from magic (right hand)
 p - a +4 ring of protection (left hand)
Wands
 h - a wand of enslavement (9)
 n - a wand of random effects (52)
 r - a wand of flame (5)
Scrolls
 b - a scroll of fog {!r}
 c - a scroll of blinking {!r}
 d - 2 scrolls of noise {!r, unknown}
 f - a scroll of remove curse {!r}
 i - 2 scrolls of fear {!r}
 m - 2 scrolls of amnesia {!r, unknown}
 o - a scroll of teleportation {!r}
 q - 6 scrolls of identify {!r}


   Skills:
 - Level 1.5 Dodging
 - Level 1.5 Stealth
 - Level 4.0 Shields
 - Level 6.1 Spellcasting
 * Level 5.8 Conjurations
 - Level 6.1 Ice Magic


You had 6 spell levels left.
You knew the following spells:

 Your Spells              Type           Power        Failure   Level  Hunger
a - Freeze                Ice            ####         1%          1    N/A
b - Summon Ice Beast      Ice/Summ       ###.....     41%         4    N/A
d - Throw Icicle          Conj/Ice       ####....     13%         4    N/A
e - Throw Frost           Conj/Ice       ####..       1%          2    N/A
z - Ozocubu's Armour      Chrm/Ice       ###.....     13%         3    N/A

Your spell library contained the following spells:

 Spells                   Type           Power        Failure   Level  Hunger
 Sandblast                Erth           #.....       16%         1    N/A

Dungeon Overview and Level Annotations

Branches:
Dungeon (7/15)             Temple (1/1) D:6

Altars:
Ashenzari
Cheibriados
Elyvilon
Fedhas
Gozag
Hepliaklqana
Kikubaaqudgha
Nemelex Xobeh
Okawaru
Qazlal
Sif Muna
Trog
Uskayaw
Vehumet
Xom
Zin
The Shining One


Innate Abilities, Weirdness & Mutations

You do not eat or drink.
Your flesh is vulnerable to fire.
You are immune to poison.
Your flesh is cold resistant. (rC+)
You are immune to negative energy. (rN+++)
You are immune to unholy pain and torment.
You can survive without breathing.


Message History

You closely miss the wight.
The orc shouts!
You block the wight's attack. The wight hits you with a great sword!
* * * LOW HITPOINT WARNING * * *
Okay, then.
Your icy armour cracks and falls away as you move.
Casting: Throw Icicle (safe; 13% risk of failure)
Confirm with . or Enter, or press ? or * to list all spells.
Aiming: Freeze (safe; 1% risk of failure)
Press: ? - help, Shift-Dir - straight line, f - orc
Aim: an orc, wielding a club and wearing a leather armour You freeze the orc.
You kill the orc!
Vehumet accepts your kill.
Things that are here:
a club; a leather armour
Found 21 poisoned needles.
The alarm trap emits a blaring wail!
A sentinel's mark forms upon you.
You hear a shout!
You hear an angry hiss.
You hear a shout! x5
You hear a bark! x2; You hear a shout! x2; You hear an angry hiss.
You hear a shout! x6
A worker ant comes into view.
The worker ant closely misses you.
You riposte.
You hit the worker ant.
The worker ant is moderately wounded.
The worker ant barely misses you. x2
The worker ant bites you.
* * * LOW HITPOINT WARNING * * *
A leopard gecko comes into view.
The worker ant bites you but does no damage.
The leopard gecko bites you but does no damage.
You completely miss the leopard gecko.
A centaur comes into view.
The wight hits you with a great sword!
* * * LOW HITPOINT WARNING * * *
You block the worker ant's attack. You block the leopard gecko's attack.
The wight hits you from afar with an enchanted halberd.
* * * LOW HITPOINT WARNING * * *
You block the leopard gecko's attack. The leopard gecko closely misses you.
The worker ant bites you.
* * * LOW HITPOINT WARNING * * *
The leopard gecko bites you but does no damage.
Found 19 stones.
Okay, then.
Okay, then.
You block the leopard gecko's attack. The wight hits you but does no damage.
You block the worker ant's attack. You block the leopard gecko's attack.
Found an iron altar of Okawaru.
The sentinel's mark upon you fades away.
The leopard gecko closely misses you. The worker ant closely misses you.
An orc wizard comes into view. It is wielding a dagger.
The orc wizard moves out of view.
An orc wizard comes into view. It is wielding a dagger of venom.
A jackal comes into view.
Okay, then.
A water moccasin comes into view.
The orc wizard shouts!
The orc wizard points at you and mumbles some strange words.
The puff of flame hits you! The fire burns you terribly!
* * * LOW HITPOINT WARNING * * *
The centaur wields a shortbow.
The centaur shoots an arrow.
The arrow hits you.
You die...

...#.###.
.######.#.###.
#...#......).<.
...............#
###.####.........# #..
##.....##..h(.....#
#...#.......#.........#
#...#.......#o...######
#...@._...o...##
#.#.a.....#..##
#.......#..#
##..c..##..#
..####l####..#
.......zz.cz..#
#.........z...#
###############


You could see a centaur, a worker ant, 2 wights, 2 orc wizards and a leopard
gecko.

Vanquished Creatures
  Grinder (D:3)
  An ice beast (D:5)
  An orc warrior (D:6)
  4 centaurs
  A bullfrog (D:4)
  A scorpion (D:6)
  3 wights
  An electric eel (D:6)
  2 howler monkeys
  5 crimson imps
  A bullfrog zombie (D:2)
  A quasit (D:6)
  2 hounds
  A gnoll shaman (D:5)
  2 jellies
  4 orc priests (D:4)
  Terence (D:2)
  4 worker ants
  3 iguanas
  Natasha (thrice) (D:2)
  An orc wizard (D:6)
  4 gnolls (D:5)
  6 adders
  A shadow imp (D:5)
  2 oozes
  An adder skeleton (D:2)
  2 dart slugs
  6 leopard geckos
  10 orcs
  5 bats
  6 giant cockroaches
  10 goblins
  6 hobgoblins
  13 jackals
  3 kobolds
  2 quokkas (D:2)
  A ball python (D:3)
  6 frilled lizards
  9 rats
136 creatures vanquished.

Notes
Turn   | Place    | Note
-------+----------+-------------------------------------------
     0 | D:1      | Amnesiac the Mummy Ice Elementalist began the quest for the
                  | Orb.
     0 | D:1      | Reached XP level 1. HP: 13/13 MP: 4/4
   355 | D:1      | Reached XP level 2. HP: 19/19 MP: 1/5
   420 | D:1      | Learned a level 2 spell: Throw Frost
   846 | D:3      | Noticed a crimson imp
   854 | D:3      | Killed a crimson imp
   854 | D:3      | Reached XP level 3. HP: 19/24 MP: 0/7
   859 | D:3      | Learned a level 3 spell: Ozocubu's Armour
   931 | D:4      | Reached skill level 1 in Shields
   931 | D:4      | Reached XP level 4. HP: 24/30 MP: 3/9
   937 | D:4      | Learned a level 4 spell: Throw Icicle
  1032 | D:4      | Reached XP level 5. HP: 28/35 MP: 0/10
  1204 | D:5      | Entered Level 5 of the Dungeon
  1365 | D:5      | Noticed a centaur
  1376 | D:5      | Killed a centaur
  1376 | D:5      | Reached XP level 6. HP: 6/41 MP: 1/12
  1829 | D:4      | Reached skill level 5 in Ice Magic
  2057 | D:4      | Reached skill level 5 in Spellcasting
  2092 | D:4      | Noticed a hand axe
  2093 | D:4      | Found a hide-covered altar of Uskayaw.
  2093 | D:4      | Noticed a dagger
  2144 | D:4      | Reached XP level 7. HP: 46/46 MP: 11/14
  2185 | D:4      | Learned a level 4 spell: Summon Ice Beast
  2584 | D:5      | Found a shattered altar of Ashenzari.
  3290 | D:5      | Found an iron altar of Okawaru.
  3355 | D:5      | Reached XP level 8. HP: 52/52 MP: 12/17
  3358 | D:5      | Reached skill level 1 in Conjurations
  4008 | D:6      | Found a staircase to the Ecumenical Temple.
  4016 | Temple   | Entered the Ecumenical Temple
  4083 | Temple   | Became a worshipper of Vehumet
  4552 | D:2      | Noticed Natasha
  4564 | D:2      | Killed Natasha
  4640 | D:2      | Noticed Terence
  4758 | D:2      | Killed Terence
  4799 | D:2      | Noticed Natasha
  4810 | D:2      | Killed Natasha
  5118 | D:2      | Reached * piety under Vehumet
  5118 | D:2      | Offered knowledge of Sandblast by Vehumet.
  5369 | D:2      | Noticed Natasha
  5379 | D:2      | Killed Natasha
  5382 | D:2      | Found a hazy altar of Hepliaklqana.
  5494 | D:3      | Noticed Grinder
  5516 | D:3      | Paralysed by Grinder for 6 turns
  5527 | D:3      | Killed Grinder
  6062 | D:6      | Reached skill level 5 in Conjurations
  6136 | D:6      | Reached XP level 9. HP: 43/57 MP: 5/18
  6415 | D:7      | Found an iron altar of Okawaru.
  6428 | D:7      | Shot with an arrow by a centaur

Vault maps used:
D:1:      saegor_arrival_under_anarchy
D:2:      lemuel_coloured_pillars_altar, uniq_natasha, uniq_terence
D:3:      eino_curves_03, uniq_grinder
D:4:      dancing_weapons_uskayaw
D:5:      kennysheep_mini, first_ration, kennysheep_okawaru_gauntlet
D:6:      minmay_temple_entry_crystal_x, fountainhead
D:7:      old_standard_altar, old_standard_altar, basic_altar, serial_shops,
          nicolae_shop_stone, nicolae_shop_window_shopping
Temple:   minmay_crystal_spiral_temple

Skill      XL: |  1  2  3  4  5  6  7  8 |
---------------+-------------------------+-----
Ice Magic      | 3 4 5 6 |  6.1
Spellcasting   | 3 4 5 6 |  6.1
Shields        | 1 2 3 4 |  4.0
Conjurations   | 5 |  5.8
Dodging        | |  1.5
Stealth        | |  1.5

Action                   |  1- 3 |  4- 6 |  7- 9 || total
-------------------------+-------+-------+-------++-------
Melee: Unarmed           |     2 |       |       ||     2
       Dagger            |       |     1 |       ||     1
       Spear             |       |     2 |     1 ||     3
       Scimitar          |       |       |    83 ||    83
 Cast: Freeze            |    42 |    59 |   178 ||   279
       Throw Frost       |       |     7 |     9 ||    16
       Ozocubu's Armour  |       |     1 |     5 ||     6
       Summon Ice Beast  |       |       |     1 ||     1
       Throw Icicle      |       |       |     9 ||     9
Evoke: Wand              |       |       |     1 ||     1
  Use: Scroll            |       |       |     6 ||     6
 Stab: Sleeping          |       |       |     1 ||     1
Armor: Robe              |     3 |       |       ||     3
       Leather armour    |       |    13 |    94 ||   107
Dodge: Dodged            |    27 |    25 |   126 ||   178
Block: Buckler           |     1 |     9 |    74 ||    84
       Rpst.: Scimitar   |       |       |    46 ||    46

Table legend:
 A = Non-vault XP
 B = Vault XP
 C = Vault XP percentage of total XP
 D = Non-vault monster count
 E = Vault monster count
 F = Vault count percentage of total count
                 A         B        C        D         E       F
            +---------+---------+-------+---------+---------+-------
      Total |    2601 |     340 |  11.6 |     131 |       5 |   3.7
            +---------+---------+-------+---------+---------+-------
        D:1 |      33 |       0 |   0.0 |      18 |       0 |   0.0
        D:2 |     203 |      74 |  26.7 |      36 |       2 |   5.3
        D:3 |      79 |     262 |  76.8 |       9 |       1 |  10.0
        D:4 |     474 |       0 |   0.0 |      17 |       0 |   0.0
        D:5 |     730 |       4 |   0.5 |      25 |       2 |   7.4
        D:6 |     961 |       0 |   0.0 |      22 |       0 |   0.0
        D:7 |     119 |       0 |   0.0 |       3 |       0 |   0.0
     Temple |       2 |       0 |   0.0 |       1 |       0 |   0.0
            +---------+---------+-------+---------+---------+-------
